 Dungeon Crawl Stone Soup version 0.28.0-47-ge53b351184 (webtiles) character file.

Game seed: 4990003607716112260

646 Iusername the Slasher (level 7, 0/61 HPs)
             Began as a Minotaur Fighter on Apr 25, 2022.
             Killed by nerve-wracking pain
             ... invoked by Menkaure
              (7 damage)
             ... on level 4 of the Dungeon.
             The game lasted 00:08:40 (3150 turns).

Iusername the Slasher (Minotaur Fighter)            Turns: 3150, Time: 00:08:40

Health: 0/61       AC:  8    Str: 23    XL:     7   Next: 27%
Magic:  6/6        EV: 10    Int:  5    God:
Gold:   132        SH:  4    Dex:  9    Spells: 6/6 levels left

rFire   . . .      SeeInvis .   a - +0 long sword
rCold   . . .      Faith    .   c - +0 buckler
rNeg    . . .      Spirit   .   b - +0 scale mail
rPois   .          Reflect  .   (helmet restricted)
rElec   .          Harm     .   (no cloak)
rCorr   .          Rampage  .   e - +0 pair of gloves
Will    .....                   (no boots)
Stlth   ..........              (no amulet)
HPRegen 0.20/turn               g - ring of wizardry
MPRegen 0.10/turn               (no ring)

@: mighty
A: horns 2, retaliatory headbutt
a: no special abilities


You were on level 4 of the Dungeon.
You visited 2 branches of the dungeon, and saw 5 of its levels.

You collected 132 gold pieces.

Inventory:

Hand Weapons
 a - a +0 long sword (weapon)
 w - a +2 scythe of protection
Armour
 b - a +0 scale mail (worn)
 c - a +0 buckler (worn)
 e - a +0 pair of gloves (worn)
Jewellery
 g - a ring of wizardry (left hand)
 h - a ring of protection from cold
 s - a ring of resist corrosion
Scrolls
 i - 4 scrolls of amnesia {unknown}
 k - a scroll of silence {unknown}
 n - a scroll of magic mapping {unknown}
 p - a scroll of teleportation {unknown}
 v - a scroll of enchant armour {unknown}
Potions
 j - a potion of haste
 l - a potion of cancellation {unknown}
 m - a potion of flight {unknown}
 o - a potion of degeneration {unknown}
 q - 2 potions of curing
 r - a potion of lignification {unknown}
 t - a potion of heal wounds {unknown}
 u - a potion of attraction {unknown}


   Skills:
 + Level 5.1 Fighting
 + Level 6.0 Long Blades
 + Level 5.8 Armour
 + Level 2.5 Dodging
 + Level 0.3 Stealth
 + Level 5.1 Shields


You had 6 spell levels left.
You didn't know any spells.
Your spell library contained the following spells:

 Spells                   Type           Power      Damage    Failure   Level
 Fireball                 Conj/Fire      0%         3d3       100%        5
 Iskenderun's Battlesphe  Conj           0%         2d6       100%        5
 Conjure Ball Lightning   Conj/Air       0%         3x3d6     100%        6
 Orb of Destruction       Conj           0%         9d5       100%        7


Dungeon Overview and Level Annotations

Branches:
Dungeon (4/15)             Temple (1/1) D:4

Altars:
Ashenzari
Cheibriados
Fedhas
Gozag
Hepliaklqana
Kikubaaqudgha
Nemelex Xobeh
Qazlal
Ru
Sif Muna
Vehumet
Wu Jian
Xom
The Shining One

Annotations:
D:4 Menkaure


Innate Abilities, Weirdness & Mutations

You have a pair of horns on your head.
You reflexively headbutt those who attack you in melee.


Message History

You hit the centaur skeleton.
You destroy the centaur skeleton!
Your Long Blades skill increases to level 6!
No target in view!
You see here a worm corpse.
Menkaure, Prince of Dust comes into view.
Menkaure shouts!
Menkaure calls on the powers of darkness!
Your body is wracked with pain!
Menkaure is nearby!
You feel very mighty all of a sudden.
Menkaure casts a spell.
Menkaure seems to speed up.
A hobgoblin comes into view.
The hobgoblin shouts!
Found a scroll labelled ROT LUMOIMP.
Menkaure casts a spell at you. Pain shoots through your body!
A kobold comes into view. It is wielding a +0 whip.
The kobold shouts!
Menkaure mumbles drily.
Menkaure calls on the powers of darkness!
The hobgoblin convulses!
Your body is wracked with pain!
* * * LOW HITPOINT WARNING * * *
You closely miss the hobgoblin.
The hobgoblin is moderately wounded.
Menkaure points at you and mumbles some strange words.
Pain shoots through your body!
* * * LOW HITPOINT WARNING * * *
The hobgoblin hits you but does no damage.
You slash the hobgoblin!
You kill the hobgoblin!
Menkaure closely misses you. Menkaure barely misses you.
You barely miss Menkaure. Menkaure hits you.
* * * LOW HITPOINT WARNING * * *
You block the kobold's attack.
You feel better.
Menkaure points at you and mumbles some strange words.
Pain shoots through your body!
You die...

#..##.##.................#
##...............#.#
................#.#
#..............##.#
#.............###.##
####..##....#.### #...
#..............# ###.
#.......#....#.# #.
#?...K@....†.#.# #.
#....M...###.#.# #.
......##.## #...### #.
.#.... #.. ##^...# ## #...
##.#####...###### #...
#..#..........## ....
#.............# ##..
#(.............
#..........††..


You could see Menkaure (fast) and a kobold.

Vanquished Creatures
  Sigmund (D:3)
  An acid dragon (D:4)
  A bullfrog (D:4)
  A scorpion (D:4)
  A centaur skeleton (D:4)
  Natasha (thrice) (D:2)
  6 adders
  An adder skeleton (D:4)
  3 worms
  6 orcs
  6 bats
  8 endoplasms
  5 giant cockroaches
  10 hobgoblins
  4 quokkas
  6 ball pythons
  4 frilled lizards
  4 goblins
  9 kobolds
  4 rats
84 creatures vanquished.

Notes
Turn   | Place    | Note
-------+----------+-------------------------------------------
     0 | D:1      | Iusername the Minotaur Fighter began the quest for the Orb.
     0 | D:1      | Reached XP level 1. HP: 19/19 MP: 0/0
   104 | D:1      | Reached XP level 2. HP: 22/27 MP: 1/1
   296 | D:1      | Found a faded altar of an unknown god.
  1057 | D:2      | Reached XP level 3. HP: 33/33 MP: 2/2
  1101 | D:2      | Noticed Natasha
  1104 | D:2      | Killed Natasha
  1118 | D:2      | Noticed Natasha
  1122 | D:2      | Reached skill level 3 in Long Blades
  1128 | D:2      | Killed Natasha
  1129 | D:2      | Reached XP level 4. HP: 21/40 MP: 3/3
  1713 | D:2      | Noticed Natasha
  1717 | D:2      | Killed Natasha
  1718 | D:2      | Reached skill level 1 in Dodging
  1718 | D:2      | Reached XP level 5. HP: 45/47 MP: 4/4
  2317 | D:3      | Noticed Sigmund
  2337 | D:3      | Killed Sigmund
  2338 | D:3      | Reached skill level 4 in Long Blades
  2338 | D:3      | Reached skill level 5 in Armour
  2338 | D:3      | Reached XP level 6. HP: 37/53 MP: 5/5
  2583 | D:4      | Noticed an acid dragon
  2592 | D:4      | Killed an acid dragon
  2593 | D:4      | Reached skill level 5 in Long Blades
  2598 | D:4      | Reached skill level 5 in Shields
  2598 | D:4      | Reached XP level 7. HP: 44/60 MP: 6/6
  2602 | D:4      | Reached skill level 5 in Fighting
  2615 | D:4      | Found a staircase to the Ecumenical Temple.
  2627 | Temple   | Entered the Ecumenical Temple
  3077 | D:4      | Reached skill level 6 in Long Blades
  3141 | D:4      | Noticed Menkaure
  3149 | D:4      | HP: 1/61 [Menkaure (4)]
  3150 | D:4      | Killed from afar by Menkaure

Illustrated notes

Levels and vault maps discovered:
D:1:      tarquinn_simple_flora_water_a, layout_rooms,
          hellmonk_ecumenical_altar_crossroads
D:2:      layout_basic, uniq_natasha
D:3:      layout_basic, uniq_sigmund
D:4:      layout_rooms, nicolae_overflow_squiral, minmay_temple_entry_hall,
          uniq_menkaure
Temple:   eino_narrow_crystal_temple

Skill      XL: |  1  2  3  4  5  6  7 |
---------------+----------------------+-----
Shields        | 4 5 |  5.1
Fighting       | 4 5 |  5.1
Armour         | 4 5 |  5.8
Long Blades    | 3 4 5 6 |  6.0
Dodging        | 1 2 |  2.5
Stealth        | |  0.3

Action                   |  1- 3 |  4- 6 |  7- 9 || total
-------------------------+-------+-------+-------++-------
Melee: Long sword        |    62 |    99 |    40 ||   201
       Headbutt          |     7 |    10 |     5 ||    22
  Use: Potion            |       |     3 |     2 ||     5
       Scroll            |       |     3 |       ||     3
 Stab: Invisible         |       |     1 |     1 ||     2
Armor: Scale mail        |    33 |    57 |    23 ||   113
Dodge: Dodged            |    34 |    74 |    30 ||   138
Block: Buckler           |    16 |    29 |     7 ||    52
